 Dungeon Crawl Stone Soup version 0.17-a0-587-g4707e02 (webtiles) character file.

62 Fluffy the Slasher (level 3, -1/28 HPs)
             Began as a Demonspawn Gladiator on Apr 15, 2015.
             Slain by an adder (2 damage)
             ... on level 2 of the Dungeon.
             The game lasted 00:02:53 (1612 turns).

Fluffy the Slasher (Demonspawn Gladiator)           Turns: 1612, Time: 00:02:54

Health: -1/28      AC: 10    Str: 16      XL:     3   Next: 85%
Magic:  0/3        EV:  7    Int:  9      God:
Gold:   71         SH:  0    Dex: 10 (13) Spells: 0 memorised, 2 levels left

rFire  . . .     SeeInvis .     a - +0 long sword
rCold  . . .     Clarity  .     s - +0 chain mail
rNeg   . . .     SustAb   .     (no shield)
rPois  .         Gourm    .     c - +0 helmet
rElec  .         Spirit   +     (no cloak)
rCorr  .         Warding  .     (no gloves)
rMut   .         Stasis   .     v - +0 pair of boots
MR     .....                    (no amulet)
Stlth  ..........               (no ring)
                                (no ring)

@: lethally poisoned (-1 -> -10), not resistant to hostile enchantments,
extremely unstealthy
A: demonic guardian 1, magic shield
a: no special abilities


You were on level 2 of the Dungeon.
You were not hungry.

You visited 1 branch of the dungeon, and saw 2 of its levels.

You collected 71 gold pieces.

Inventory:

Hand weapons
 a - a +0 long sword (weapon)
Missiles
 d - 3 throwing nets
 t - 3 javelins (quivered)
Armour
 c - a +0 helmet (worn)
 s - a +0 chain mail (worn)
 v - a +0 pair of boots (worn)
Scrolls
 e - a scroll of magic mapping {unknown}
 l - a scroll of enchant weapon {unknown}
 m - 2 scrolls of identify {unknown}
 p - 2 scrolls of amnesia {unknown}
 r - a scroll of teleportation {unknown}
 u - a scroll of fog {unknown}
Potions
 b - 2 potions of heal wounds {unknown}
 g - a potion of restore abilities {unknown}
 j - a potion of flight {unknown}
 k - a potion of curing {unknown}
 n - 2 potions of might {unknown}
 o - 2 potions of degeneration
Comestibles
 f - a bread ration
 h - 3 meat rations
 i - 2 slices of pizza
 q - a beef jerky


   Skills:
 + Level 2.8 Fighting
 + Level 3.3 Long Blades
 - Level 1.7 Throwing
 + Level 1.7 Armour
 - Level 2.6 Dodging


You had 2 spell levels left.
You didn't know any spells.

Dungeon Overview and Level Annotations

Branches:
Dungeon (2/15)

Altars:
Fedhas
Gozag


Innate Abilities, Weirdness & Mutations

A weak demonic guardian rushes to your aid.
When hurt, damage is shared between your health and your magic reserves.


Message History

The adder poisons you! The adder bites you.
* * * LOW HITPOINT WARNING * * *
You are more poisoned.
The adder poisons you!
You barely miss the adder.
The adder is severely wounded.
* * * LOW HITPOINT WARNING * * *
You feel sick. The adder bites you but does no damage.
The adder barely misses you.
You miss the adder.
The adder is severely wounded.
* * * LOW HITPOINT WARNING * * *
You feel sick. The adder bites you but does no damage.
Drink which item? (? for menu, Esc to quit)
It was a potion of degeneration.
There was something very wrong with that liquid.
You feel clumsy.
* * * LOW HITPOINT WARNING * * *
You feel sick. The adder bites you.
You die...

#............. ###....#
###..........(.. #....#
.............# #########....#
#>..........+...............
##.###..........########.......#
................(†......(......#
###.####††.....(########.[.....#
#.....##.#####.S......##.......#
.......#.....#.@.....[##...#....
#.......#..............##........
...._..................##...#....
#.......#..............#.........
.......#..............#..[......
#.....##.....(........#.........
###.####........#######...).....
........)......# #.........
........#.....# ####'#.....#


You could see an adder.

Vanquished Creatures
  2 adders (D:2)
  A worm (D:2)
  A giant gecko (D:2)
  3 bats
  3 giant cockroaches (D:1)
  5 goblins (D:1)
  6 hobgoblins
  2 jackals (D:1)
  4 giant newts
  5 kobolds
  A quokka (D:2)
  3 rats
36 creatures vanquished.

Notes
Turn   | Place    | Note
--------------------------------------------------------------
     0 | D:1      | Fluffy, the Demonspawn Gladiator, began the quest for the Orb.
     0 | D:1      | Reached XP level 1. HP: 16/16 MP: 1/1
   163 | D:1      | Gained mutation: A weak demonic guardian rushes to your aid. [demonic ancestry]
   163 | D:1      | Reached XP level 2. HP: 13/23 MP: 2/2
   323 | D:1      | Reached skill level 1 in Armour
   567 | D:1      | Reached skill level 3 in Long Blades
  1076 | D:2      | Gained mutation: When hurt, damage is shared between your health and your magic reserves. [demonic ancestry]
  1076 | D:2      | Reached XP level 3. HP: 21/28 MP: 3/3
  1510 | D:2      | Found a blossoming altar of Fedhas.
  1530 | D:2      | Found an opulent altar of Gozag.
  1612 | D:2      | HP: 1/28 [poisoned by an adder]
  1612 | D:2      | Slain by an adder

Action                   || total
-------------------------++-------
Melee: Long sword        ||   148
Throw: Javelin           ||     2
  Use: Potion            ||     1
  Eat: Chunk             ||     2
